 Dungeon Crawl Stone Soup version 0.29.1-14-g9c671dbff4 (webtiles) character file.

Game seed: 10486916761751266197

308683 javelincjr the Sorcerer (level 22, -17/137 (145) HPs)
             Began as a Djinni Conjurer on Feb 16, 2023.
             Was the Champion of Hepliaklqana.
             Killed from afar by a crystal guardian (67 damage)
             ... with a crystal bolt
             ... on level 3 of the Depths on Feb 17, 2023.
             The game lasted 06:51:55 (40234 turns).

javelincjr the Sorcerer (Djinni Conjurer)          Turns: 40234, Time: 06:51:55

HP:   -17/137 (145) AC: 16    Str:  7    XL:     22   Next: 14%
Gold: 5092          EV: 12    Int: 30    God:    Hepliaklqana [******] SH: 21 Dex: 14

rFire   + + +      SeeInvis +   F - staff of conjuration
rCold   x x .      Faith    .   r - +6 tower shield
rNeg    . . .      Spirit   .   R - +4 troll leather armour
rPois   ∞          Reflect  .   z - +2 helmet {SInv}
rElec   .          Harm     .   c - scarf {+Inv}
rCorr   .          Rampage  .   D - +2 pair of gloves {hurl}
Will    ++...                   (boots unavailable)
Stlth   +++.......              P - amulet of regeneration
HPRegen 1.92/turn               W - +4 ring of protection
MPRegen 0.00/turn               w - ring of fire

@: corroded, flying, studying Evocations, drained
A: reduced essence, sickness immunity, fire resistance 2, cold vulnerability 1,
float, innate caster, HP casting, extra vitality 1, clever 1, noise suppression
}: 2/15 runes: decaying, gossamer
a: Renounce Religion, Evoke Invisibility, Recall Ancestor, Ancestor Identity,
Transference, Idealise


You were on level 3 of the Depths.
You worshipped Hepliaklqana.
Hepliaklqana was exalted by your worship.
You visited 8 branches of the dungeon, and saw 37 of its levels.
You also visited: Gauntlet.

You collected 5767 gold pieces.
You spent 675 gold pieces at shops.

Inventory:

Hand Weapons
 n - the +6 flail of the Lurker {flame, rC+ Str+4}
   (You found it on level 2 of the Spider Nest)

   It burns those it strikes, dealing additional fire damage.
   Str:       It affects your strength (+4).
   rC:        It protects you from cold.
 G - a +3 flail of holy wrath
Missiles
 k - 46 poisoned darts
 C - 6 datura-tipped darts
 N - 6 curare-tipped darts
 O - 6 atropa-tipped darts
Armour
 c - a scarf of invisibility (worn)
 r - a +6 tower shield (worn)
 t - a +2 robe of cold resistance
 z - a +2 helmet of see invisible (worn)
 D - a +2 pair of gloves of hurling (worn)
 R - a +4 troll leather armour (worn)
 V - the +2 pair of gloves "Cuohopse" {-Tele rF+ Str+4 Dex+2}
   (You found it on level 4 of the Spider Nest)

   Str:       It affects your strength (+4).
   Dex:       It affects your dexterity (+2).
   rF:        It protects you from fire.
   -Tele:     It prevents most forms of teleportation.
Magical Staves
 F - a staff of conjuration (weapon)
Jewellery
 a - a ring of see invisible
 j - an amulet of reflection
 w - a ring of fire (right hand)
 y - a +6 ring of strength
 P - an amulet of regeneration (around neck)
 W - a +4 ring of protection (left hand)
Wands
 d - a wand of charming (9)
 f - a wand of mindburst (23)
 v - a wand of flame (4)
 J - a wand of roots (17)
 Q - a wand of polymorph (29)
 Y - a wand of acid (7)
Scrolls
 l - a scroll of magic mapping
 q - 3 scrolls of blinking
 s - 7 scrolls of poison
 x - a scroll of summoning
 B - a scroll of butterflies
 T - 5 scrolls of silence
 U - 8 scrolls of teleportation
 X - 7 scrolls of fear
Potions
 b - 9 potions of heal wounds
 e - 16 potions of curing
 g - 9 potions of haste
 h - 5 potions of invisibility
 m - 6 potions of brilliance
 p - 8 potions of cancellation
 A - 10 potions of might
 E - 2 potions of resistance
 I - 4 potions of ambrosia
 K - 3 potions of berserk rage
Miscellaneous
 i - a piece from Xom's chessboard (15/15)
 o - a phial of floods
 u - a lightning rod (4/4)
 H - a phantom mirror
 L - a condenser vane


   Skills:
 + Level 15.5 Fighting
 + Level 0.7 Short Blades
 + Level 1.9 Staves
 + Level 8.4 Armour
 + Level 10.2 Dodging
 + Level 6.4 Stealth
 - Level 7.9 Shields
 + Level 24.3 Spellcasting
 + Level 1.6 Invocations
 + Level 2.9 Evocations


You had 12 spell levels left.
You knew the following spells:

 Your Spells              Type           Power      Damage    Failure   Level
a - Magic Dart            Conj           100%       1d8       0%          1
b - Searing Ray           Conj           100%       2d8       0%          2
c - Dazzling Flash        Conj/Hex       100%       N/A       0%          3
d - Fulminant Prism       Conj/Hex       67%        3d28      0%          4
e - Iskenderun's Mystic   Conj/Tloc      100%       2d19      0%          4
f - Sting                 Tmut/Pois      100%       1d8       0%          1
g - Static Discharge      Conj/Air       100%       3-16/arc  0%          2
h - Scorch                Fire           100%       2d10      0%          2
i - Ozocubu's Armour      Ice            100%       N/A       0%          3
j - Dispel Undead         Necr           100%       3d31      0%          4
k - Summon Mana Viper     Hex/Summ       100%       N/A       0%          5
l - Dispersal             Tloc           55%        N/A       1%          6
m - Simulacrum            Ice/Necr       55%        N/A       1%          6
n - Statue Form           Tmut/Erth      73%        N/A       1%          6
o - Ignition              Fire           67%        3d18      2%          8
Your spell library was empty.

Dungeon Overview and Level Annotations

Branches:
Dungeon (15/15)            Temple (1/1) D:4            Lair (5/5) D:11
  Swamp (4/4) Lair:2       Spider (4/4) Lair:2        Slime (0/5) Lair:5
    Orc (2/2) D:10            Elf (3/3) Orc:2        Vaults (0/5) D:14
 Depths (2/4) D:15        Gauntlet (visited)

Altars:
Ashenzari
Cheibriados
Dithmenos
Elyvilon
Fedhas
Gozag
Hepliaklqana
Makhleb
Nemelex Xobeh
Okawaru
Qazlal
Ru
Trog
Uskayaw
Wu Jian
Xom
Yredelemnul
Zin
The Shining One

Shops:
D:3 *   D:5 *   D:7 [   D:13 [   Orc:2 [*((   Depths:2 (

Portals:
Hell: Depths:1 Depths:2
Abyss: Depths:1 Depths:3


Innate Abilities, Weirdness & Mutations

Your life essence is reduced to manifest your ancestor. (-10% HP)
You are immune to sickness and miasma.
You are immune to poison.
Your flesh is very heat resistant. (rF++)
You are vulnerable to cold. (rC-)
You float through the air rather than walking.
You learn spells naturally, not from books.
Your magical power is your life essence.
You have superior vitality. (+4 MHP)
Your mind is acute. (Int +4, Str/Dex -1)
You passively dampen the noise of your surroundings.


Message History

The bolt of acid hits your spriggan air mage simulacrum!!
The acid corrodes your spriggan air mage simulacrum!
The bolt of acid hits you! The acid corrodes you!
The bolt of acid hits your faun simulacrum!!
Your faun simulacrum vaporises!
Your spriggan air mage simulacrum hits the tengu reaver.
Your spriggan air mage simulacrum freezes the tengu reaver!!!
Casting: Simulacrum (safe; 1% risk of failure)
Confirm with . or Enter, or press ? or * to list all spells.
Casting: Ignition (dangerous; 2% risk of failure)
Press: ? - help, Dir - look around, f - activate You feel a surge of power!
The air bursts into flame!
The fireball engulfs the tengu reaver!!
The tengu reaver is severely wounded.
The tengu reaver hits your spriggan air mage simulacrum with a +1 vorpal battleaxe!!
Your spriggan air mage simulacrum vaporises!
Casting: Ignition (dangerous; 2% risk of failure)
Confirm with . or Enter, or press ? or * to list all spells.
Casting: Ignition (dangerous; 2% risk of failure)
Press: ? - help, Dir - look around, f - activate You feel a surge of power!
The air bursts into flame!
The fireball engulfs the tengu reaver!!
The tengu reaver is almost dead.
The tengu reaver gestures at you while chanting.
The bolt of negative energy hits you!!!
You feel drained.
Duaenre misses the tengu reaver.
Casting: Ignition (dangerous; 2% risk of failure)
Confirm with . or Enter, or press ? or * to list all spells.
Casting: Ignition (dangerous; 2% risk of failure)
Press: ? - help, Dir - look around, f - activate You feel a surge of power!
The air bursts into flame!
The fireball engulfs the tengu reaver!!!
You kill the tengu reaver!
A freezing mist starts to gather... x4
You swap places.
A crystal guardian comes into view.
Your mana viper disappears in a puff of smoke!
The crystal guardian fires a crystalline bolt at you.
The crystal bolt freezes you!!!
You feel a terrible chill!
You die...

.. #### .. ....... #...#9
...Z. #...##### #ZZ)#Z[.#
#Z@R#.# #...#Z..#
#########...#####
#.?.#...........#
#.#.#(#...#...#.#
#...#...........#
#########...##.##...#####
#...#...........#...#
#.#.#[#∩..#Z..#.#.#.#


You could see the friendly Duaenre the knight (fast, reflecting), a crystal
guardian, a friendly iron dragon simulacrum, a friendly spriggan air mage
simulacrum and 4 friendly tengu reaver simulacra.

Vanquished Creatures
  Nikola (Swamp:3)
  A lich (Depths:3)
  3 deep elf blademasters
  A deep elf master archer (Elf:3)
  A tengu reaver (Depths:3)
  2 thorn hunters (Swamp:3)
  A frost giant (Depths:1)
  A fire giant (Depths:2)
  2 deep elf sorcerers
  2 deep elf elementalists (Depths:3)
  A stone giant (Depths:1)
  A ghoul (Swamp:1)
  Nessos (D:13)
  3 dire elephants (Lair:5)
  The ghost of leafyfresh the Covert, a journeyman GnDe of Ashenzari (Elf:1)
  An eleionoma (Swamp:2)
  The ghost of Diqos the Cleaver, a journeyman DsAK of Lugonu (Lair:3)
  A bunyip (Swamp:1)
  A minotaur (Gauntlet)
  3 deep elf annihilators (Elf:3)
  4 deep elf demonologists (Elf:3)
  An entropy weaver (Gauntlet)
  3 deep elf death magi (Elf:3)
  11 ettins
  Josephine (D:11)
  A rakshasa (Depths:1)
  3 vault guards (D:14)
  Erolcha (D:11)
  6 boulder beetles
  8 two-headed ogres
  A spriggan air mage (Depths:3)
  A juggernaut simulacrum (Depths:1)
  10 hydras
  An ogre mage (D:15)
  3 centaur warriors (D:14)
  5 alligators
  A deep troll shaman (Depths:1)
  10 dancing weapons
  A spriggan berserker (Depths:1)
  Sonja (D:11)
  A hell knight (Depths:1)
  8 deep elf knights
  A golden dragon zombie (Depths:1)
  A spectral anaconda (Lair:5)
  A fire crab (Lair:5)
  3 deep trolls (Depths:1)
  3 spriggan druids
  2 glowing orange brains (Depths:1)
  5 necromancers
  A bog body (Lair:2)
  An obsidian statue (Lair:5)
  3 deep elf archers
  2 wizards
  12 deep elf pyromancers
  6 deep elf zephyrmancers
  An orc sorcerer (D:15)
  2 wolf spiders
  5 ugly things (D:15)
  5 oklob plants
  7 cyclopes
  6 manticores
  10 elephants
  2 centaur zombies (D:15)
  2 naga magi
  A black mamba (Lair:3)
  A gargoyle (D:10)
  A fire giant skeleton (Depths:1)
  A centaur skeleton (D:15)
  A kobold demonologist (D:13)
  2 efreet (D:15)
  A demonic crawler (Lair:2)
  11 cane toads
  A torpor snail (Gauntlet)
  7 komodo dragons
  2 rime drakes
  3 tengu conjurers (Depths:1)
  A spriggan skeleton (Depths:1)
  A freezing wraith (D:15)
  3 meliai (D:13)
  A polar bear (Lair:3)
  A hornet (Lair:3)
  A troll (D:14)
  A tarantella (Spider:4)
  A tengu simulacrum (Depths:1)
  A tyrant leech (Swamp:2)
  A raiju (shapeshifter) (D:14)
  Prince Ribbit (D:7)
  4 dream sheep (Lair:4)
  7 blink frogs
  2 slime creatures (D:15)
  2 jumping spiders
  2 spriggans (Lair:3)
  A centaur simulacrum (D:14)
  An air elemental (Elf:1)
  Sigmund (D:6)
  A wyvern (Lair:4)
  A water elemental (Elf:2)
  4 wraiths
  A vampire (D:13)
  A fire elemental (Elf:2)
  31 yaks
  3 shadows
  3 steam dragons
  4 redbacks
  Grum (D:8)
  A basilisk (Lair:1)
  15 humans (D:14)
  11 vampire mosquitoes
  A death yak simulacrum (Lair:5)
  2 acid dragons (Gauntlet)
  4 swamp worms
  9 water moccasins
  A swamp drake (Swamp:4)
  An elephant zombie (Lair:5)
  An orc warrior (D:10)
  11 wolves
  2 ice beasts (D:5)
  7 ogres
  5 centaurs
  An elephant skeleton (Lair:5)
  2 phantoms
  5 bullfrogs
  3 necrophages
  A kobold brigand (D:7)
  4 gnoll sergeants
  3 scorpions
  An earth elemental (Elf:2)
  7 wights
  A troll zombie (D:10)
  An elephant simulacrum (Lair:5)
  4 killer bees (D:8)
  2 electric eels (D:9)
  5 howler monkeys
  2 jellies
  2 hounds
  A gnoll bouda (D:7)
  5 orc priests
  Terence (D:2)
  An iguana (D:7)
  7 orc wizards
  Natasha (D:3)
  A boggart skeleton (D:15)
  5 ogre zombies (D:10)
  22 gnolls
  8 adders
  2 white imps
  4 worms
  2 dart slugs
  35 orcs
  8 ball pythons
  4 bats
  9 endoplasms
  8 giant cockroaches
  5 goblins
  5 hobgoblins
  4 jackals (D:1)
  15 kobolds
  4 quokkas
  8 frilled lizards
  2 goblin zombies (D:10)
  3 hobgoblin zombies (D:10)
  2 orc skeletons (D:10)
  12 orc zombies (D:10)
  7 rats
  8 briar patches (Swamp:3)
  A bush (Lair:4)
  A butterfly (Lair:1)
  4 fulminant prisms
627 creatures vanquished.

Vanquished Creatures (collateral kills)
  Mara (Swamp:3)
  the Lernaean hydra (Swamp:4)
  Arachne (Spider:3)
  Mlioglotl (Swamp:4)
  Asterion (Elf:3)
  A deep elf blademaster (Elf:2)
  A deep elf master archer (Elf:3)
  A sphinx (Depths:3)
  4 fenstrider witches
  Roxanne (Spider:1)
  5 deep elf sorcerers
  Louise (D:15)
  An iron dragon (shapeshifter) (Depths:3)
  4 emperor scorpions
  A fire giant (Depths:1)
  3 deep elf elementalists
  2 ghost moths (Spider:4)
  Aizul (Swamp:3)
  3 stone giants
  4 broodmothers
  4 deep elf demonologists
  3 eleionomae
  4 entropy weavers
  2 spark wasps
  6 deep elf annihilators
  5 bunyips
  7 deep elf death magi (Elf:3)
  A fire dragon (shapeshifter) (Depths:3)
  4 fire dragons
  7 ettins
  3 ghost crabs (Swamp:3)
  14 hydras
  A juggernaut simulacrum (Depths:3)
  An ogre mage (D:15)
  3 boulder beetles (Spider:3)
  2 spriggan air magi
  A centaur warrior (D:14)
  A jorogumo (Spider:4)
  A radroach (Spider:1)
  A tengu warrior (D:14)
  4 alligators
  A deep troll earth mage (Depths:1)
  16 dancing weapons
  A death yak (Lair:5)
  A deep troll shaman (Depths:1)
  8 orc high priests
  3 hell knights (Depths:1)
  14 deep elf knights
  Amaemon (D:8)
  4 iron trolls (Depths:1)
  3 goliath frogs
  7 pharaoh ants
  3 spriggan druids
  4 deep trolls
  13 orb spiders
  7 steelbarb worms
  A glowing orange brain (Depths:2)
  7 swamp dragons (Swamp:4)
  7 deep elf archers
  9 bog bodies (Swamp:4)
  Pikel (D:7)
  A lindwurm (Lair:5)
  16 deep elf pyromancers
  12 deep elf zephyrmancers
  A harpy (shapeshifter) (D:14)
  4 necromancers
  24 wolf spiders
  2 orc sorcerers
  An oklob plant (Lair:4)
  3 moths of wrath
  5 ugly things
  A will-o-the-wisp (Swamp:2)
  A faun (shapeshifter) (Depths:3)
  Maurice (D:8)
  2 black mambas (Lair:5)
  7 elephants
  4 torpor snails
  An orange demon (D:8)
  6 cane toads
  5 demonic crawlers
  A rime drake (Lair:5)
  A kobold demonologist (D:13)
  2 tengu conjurers (Depths:1)
  A queen bee (shapeshifter) (Elf:2)
  A bloated husk (Swamp:1)
  A troll (D:12)
  2 polar bears
  33 tarantellas
  7 tyrant leeches
  A hornet (Swamp:2)
  3 blink frogs
  A slime creature (D:15)
  22 culicivoras
  29 jumping spiders
  4 spriggans
  2 air elementals
  A wraith (D:11)
  A wyvern (D:9)
  20 yaks
  4 humans (D:14)
  2 basilisks
  2 fire elementals (Elf:1)
  63 redbacks
  Menkaure (D:7)
  A steam dragon (shapeshifter) (Depths:1)
  3 vampire mosquitoes
  3 wargs (Orc:2)
  12 swamp worms
  2 water moccasins
  7 swamp drakes
  6 orc warriors
  An ice beast (D:7)
  6 ogres
  2 centaurs (D:14)
  A wolf (Lair:3)
  An elephant skeleton (Lair:5)
  A boggart (Lair:3)
  A phantom (D:7)
  A kobold brigand (D:9)
  An earth elemental (Elf:2)
  A scorpion (Lair:2)
  2 gnoll sergeants (D:9)
  3 bullfrogs
  A wight (D:7)
  4 howler monkeys
  An electric eel (Lair:5)
  2 hounds (D:6)
  23 orc priests (Orc:2)
  An orc wizard (Orc:2)
  19 gnolls
  A white imp (D:7)
  31 orcs
  A giant cockroach (Lair:2)
  5 kobolds
  4 briar patches (Swamp:3)
  4 bushes
  A plant (Swamp:4)
679 creatures vanquished.

Vanquished Creatures (others)
  A ghost moth (Depths:3)
  A deep elf archer (Elf:1)
  A deep elf zephyrmancer (Elf:1)
  A bloated husk (Swamp:1)
  17 knights
  4 ancestors
  19 demonic plants (Gauntlet)
  2 foxfires (Swamp:2)
  376 fulminant prisms
  64 fungi
  94 plants
  33 withered plants (Lair:5)
613 creatures vanquished.

Grand Total: 1919 creatures vanquished

Notes
Turn   | Place    | Note
-------+----------+-------------------------------------------
     0 | D:1      | javelincjr the Djinni Conjurer began the quest for the Orb.
     0 | D:1      | javelincjr set off with the following spells memorised:
                  | Magic Dart, Searing Ray, Dazzling Flash, Fulminant Prism,
                  | Iskenderun's Mystic Blast.
     0 | D:1      | Reached XP level 1. HP: 15/15 MP: 0/0
   235 | D:1      | Reached XP level 2. HP: 17/21 MP: 0/0
   404 | D:1      | Found a faded altar of an unknown god.
   604 | D:1      | Reached XP level 3. HP: 13/25 MP: 0/0
   604 | D:1      | Learned a level 1 spell: Sting
  1295 | D:1      | Reached skill level 4 in Spellcasting
  1774 | D:2      | Reached XP level 4. HP: 25/31 MP: 0/0
  2034 | D:2      | Noticed Terence
  2044 | D:2      | Killed Terence
  2045 | D:2      | Reached XP level 5. HP: 10/35 MP: 0/0
  2045 | D:2      | Learned a level 2 spell: Static Discharge
  3732 | D:3      | Noticed Natasha
  3736 | D:3      | Killed Natasha
  3928 | D:3      | Reached skill level 5 in Spellcasting
  4136 | D:3      | Reached XP level 6. HP: 40/41 MP: 0/0
  4291 | D:3      | Found Parchoil's General Store.
  4351 | D:3      | Bought a scroll of identify for 22 gold pieces
  4351 | D:3      | Bought 2 potions of curing for 66 gold pieces
  4351 | D:3      | Bought a scroll of poison for 44 gold pieces
  4542 | D:4      | Reached skill level 1 in Fighting
  4827 | D:4      | Found a staircase to the Ecumenical Temple.
  4838 | Temple   | Entered the Ecumenical Temple
  4853 | Temple   | Became a worshipper of Hepliaklqana the Forgotten
  5079 | D:4      | Noticed an ogre
  5084 | D:4      | Killed an ogre
  5085 | D:4      | Reached XP level 7. HP: 41/47 MP: 0/0
  5085 | D:4      | Learned a level 2 spell: Scorch
  5460 | D:4      | Found a stormy altar of Qazlal.
  5864 | D:5      | Entered Level 5 of the Dungeon
  6086 | D:5      | Reached skill level 6 in Spellcasting
  6374 | D:5      | Found Joechal's Assorted Antiques.
  6375 | D:5      | Reached * piety under Hepliaklqana
  6379 | D:5      | Bought a scroll labelled BEUXYSEERA for 24 gold pieces
  7051 | D:5      | Reached XP level 8. HP: 42/49 MP: 0/0
  7324 | D:6      | Noticed Sigmund
  7333 | D:6      | Killed Sigmund
  7334 | D:6      | Reached skill level 1 in Shields
  8136 | D:6      | Reached XP level 9. HP: 41/56 MP: 0/0
  8136 | D:6      | Learned a level 3 spell: Ozocubu's Armour
  8361 | D:7      | Reached skill level 5 in Fighting
  8839 | D:7      | Noticed Prince Ribbit
  8850 | D:7      | Killed Prince Ribbit
  8851 | D:7      | Reached skill level 5 in Dodging
  8851 | D:7      | Reached skill level 7 in Spellcasting
  8859 | D:7      | Noticed Pikel
  8865 | D:7      | Killed Pikel
  8879 | D:7      | Reached XP level 10. HP: 26/65 MP: 0/0
  9345 | D:7      | Noticed Menkaure
  9350 | D:7      | Killed Menkaure
  9578 | D:7      | Found Voqichu's Antique Armour Boutique.
  9585 | D:7      | Bought a spiked chain mail for 237 gold pieces
  9585 | D:7      | Identified the +0 chain mail "Oguciar Depi" {Dex+3} (You
                  | bought it in a shop on level 7 of the Dungeon)
  9721 | D:7      | Found a snail-covered altar of Cheibriados.
 10155 | D:7      | Found a blossoming altar of Fedhas.
 10242 | D:8      | Noticed Grum
 10244 | D:8      | Reached skill level 1 in Armour
 10251 | D:8      | Killed Grum
 10389 | D:8      | Reached ** piety under Hepliaklqana
 10390 | D:8      | Remembered your ancestor Duaenre as a knight
 10472 | D:8      | You are sucked into a shaft and drop 2 floors!
 10472 | D:10     | Entered Level 10 of the Dungeon
 10811 | D:10     | Noticed a gargoyle
 10819 | D:10     | Killed a gargoyle
 10820 | D:10     | Reached skill level 5 in Shields
 11235 | D:10     | Noticed a manticore
 11249 | D:10     | Killed a manticore
 12113 | D:10     | Found a glowing golden altar of the Shining One.
 12209 | D:10     | Found a staircase to the Orcish Mines.
 12716 | D:11     | Noticed Erolcha
 12723 | D:11     | Killed Erolcha
 12723 | D:11     | Noticed Sonja
 12724 | D:11     | Reached skill level 8 in Spellcasting
 12724 | D:11     | Reached XP level 11. HP: 52/73 MP: 0/0
 12724 | D:11     | Learned a level 4 spell: Dispel Undead
 12730 | D:11     | Noticed a two-headed ogre
 12734 | D:11     | HP: 2/73 [two-headed ogre/+0 giant club (8)]
 13340 | D:11     | Killed Sonja
 13406 | D:11     | Killed a two-headed ogre
 13756 | D:11     | Noticed a manticore
 13764 | D:11     | Killed a manticore
 14049 | D:11     | Reached *** piety under Hepliaklqana
 14140 | D:11     | Noticed an oklob plant
 14166 | D:11     | Killed an oklob plant
 14168 | D:11     | Found a staircase to the Lair.
 14176 | D:11     | Noticed Josephine
 14182 | D:11     | Killed Josephine
 14183 | D:11     | Reached skill level 9 in Spellcasting
 14370 | D:11     | Identified a scroll of acquirement
 14370 | D:11     | Acquired a manual of Fighting
 14716 | D:12     | Noticed a cyclops
 14722 | D:12     | Killed a cyclops
 14723 | D:12     | Reached skill level 5 in Armour
 14723 | D:12     | Reached XP level 12. HP: 70/81 MP: 0/0
 14731 | D:12     | Noticed a boulder beetle
 14735 | D:12     | HP: 4/81 [manticore/volley of spikes (13)]
 14743 | D:12     | Killed a boulder beetle
 14745 | D:12     | Reached skill level 10 in Fighting
 15146 | D:12     | Noticed a boulder beetle
 15164 | D:12     | Killed a boulder beetle
 15359 | D:12     | Noticed a two-headed ogre
 15370 | D:12     | Killed a two-headed ogre
 15371 | D:12     | Reached skill level 10 in Spellcasting
 16339 | D:13     | Noticed Nessos
 16356 | D:13     | Killed Nessos
 16558 | D:13     | Found Puidued's Antique Armour Shop.
 16565 | D:13     | Bought an encrusted ring mail for 234 gold pieces
 16565 | D:13     | Identified the +0 ring mail "Tacvuec" {Str+3} (You bought
                  | it in a shop on level 13 of the Dungeon)
 16647 | D:13     | Reached **** piety under Hepliaklqana
 16846 | D:14     | Reached XP level 13. HP: 89/89 MP: 0/0
 16846 | D:14     | Learned a level 5 spell: Summon Mana Viper
 17022 | D:14     | Noticed a vault guard
 17031 | D:14     | Killed a vault guard
 17032 | D:14     | Reached skill level 11 in Spellcasting
 17038 | D:14     | Noticed a vault guard
 17038 | D:14     | Noticed a vault guard
 17057 | D:14     | Killed a vault guard
 17058 | D:14     | Killed a vault guard
 17063 | D:14     | Noticed a four-headed hydra
 17073 | D:14     | Killed a four-headed hydra
 17078 | D:14     | Noticed a centaur warrior
 17084 | D:14     | Killed a centaur warrior
 17119 | D:14     | Noticed a boulder beetle
 17128 | D:14     | Noticed a boulder beetle
 17136 | D:14     | Killed a boulder beetle
 17146 | D:14     | Killed a boulder beetle
 17198 | D:14     | Noticed a centaur warrior
 17205 | D:14     | Killed a centaur warrior
 17206 | D:14     | Reached skill level 12 in Spellcasting
 17206 | D:14     | Reached skill level 1 in Evocations
 17354 | D:14     | Noticed a centaur warrior
 17518 | D:14     | Noticed a centaur warrior
 17525 | D:14     | Killed a centaur warrior
 17552 | D:14     | Killed a centaur warrior
 17623 | D:14     | Acquired a manual of Evocations
 17682 | D:14     | Found a gate to the Vaults.
 17933 | D:15     | Entered Level 15 of the Dungeon
 17972 | D:15     | Reached XP level 14. HP: 72/97 MP: 0/0
 18012 | D:15     | Reached skill level 1 in Invocations
 18336 | D:15     | Gained mutation: You occasionally shout uncontrollably at
                  | your foes. [potion of mutation]
 18338 | D:15     | Lost mutation: You occasionally shout uncontrollably at
                  | your foes. [potion of mutation]
 18338 | D:15     | Gained mutation: Your muscles are strong. (Str +4, Int/Dex
                  | -1) [potion of mutation]
 18338 | D:15     | Gained mutation: You sometimes lose your temper in combat.
                  | [potion of mutation]
 18561 | D:15     | Noticed Louise
 18723 | D:15     | Found a staircase to the Depths.
 18800 | D:15     | Killed Louise
 18801 | D:15     | Reached skill level 13 in Spellcasting
 18875 | D:15     | Reached skill level 1 in Staves
 19131 | Lair:1   | Entered Level 1 of the Lair of Beasts
 19396 | Lair:1   | Reached skill level 5 in Stealth
 19417 | Lair:1   | Reached ***** piety under Hepliaklqana
 20006 | Lair:2   | Found a staircase to the Swamp.
 20209 | Lair:2   | Identified the +1 hat of Sif Muna's Whim {*Corrode rN+
                  | Slay+2}
 20322 | Lair:2   | Found a hole to the Spider Nest.
 20404 | Lair:2   | Reached XP level 15. HP: 106/106 MP: 0/0
 20404 | Lair:2   | Learned a level 6 spell: Dispersal
 21181 | Lair:3   | Reached skill level 15 in Fighting
 21383 | Lair:3   | Found a runed translucent door.
 21389 | Lair:3   | Identified the +5 spear of Hyefivaw {vorpal, rF+}
 21405 | Lair:3   | Reached skill level 14 in Spellcasting
 21909 | Lair:3   | Noticed Diqos's ghost (journeyman DsAK)
 21982 | Lair:3   | Killed Diqos's ghost
 22259 | Lair:4   | Found a sparkling altar of Nemelex Xobeh.
 22912 | Lair:5   | Entered Level 5 of the Lair of Beasts
 23008 | Lair:5   | Found a gate leading to a gauntlet.
 23016 | Gauntlet | Entered a Gauntlet
 23016 | Gauntlet | Found a transporter.
 23016 | Gauntlet | Found a transporter.
 23023 | Gauntlet | Found a transporter.
 23032 | Gauntlet | Found a transporter.
 23037 | Gauntlet | Found a large runed translucent door.
 23038 | Gauntlet | Found a large runed translucent door.
 23039 | Gauntlet | Found a transporter.
 23040 | Gauntlet | Found the +3 pair of seven-league boots {Rampage+∞}
 23041 | Gauntlet | Found a transporter.
 23041 | Gauntlet | Found a transporter.
 23045 | Gauntlet | Found a transporter.
 23059 | Gauntlet | Found a runed translucent gate.
 23059 | Gauntlet | Found a runed translucent gate.
 23061 | Gauntlet | Found a large runed translucent door.
 23062 | Gauntlet | Found a large runed translucent door.
 23063 | Gauntlet | Found a large runed translucent door.
 23063 | Gauntlet | Found a large runed translucent door.
 23063 | Gauntlet | Found a runed translucent door.
 23064 | Gauntlet | Found a large runed translucent door.
 23065 | Gauntlet | Found a large runed translucent door.
 23067 | Gauntlet | Found a transporter.
 23081 | Gauntlet | Found a runed translucent gate.
 23083 | Gauntlet | Found a large runed translucent door.
 23084 | Gauntlet | Found a large runed translucent door.
 23134 | Gauntlet | Found a transporter.
 23140 | Gauntlet | Found a transporter.
 23162 | Gauntlet | Found a transporter.
 23210 | Gauntlet | Found a transporter.
 23231 | Gauntlet | Found a transporter.
 23358 | Gauntlet | Found a transporter.
 23379 | Gauntlet | Found a transporter.
 23396 | Gauntlet | Found a runed translucent door.
 23397 | Gauntlet | Found a large runed translucent door.
 23397 | Gauntlet | Found a large runed translucent door.
 23398 | Gauntlet | Found a large runed translucent door.
 23399 | Gauntlet | Found a large runed translucent door.
 23405 | Gauntlet | Found a large runed translucent door.
 23406 | Gauntlet | Found a large runed translucent door.
 23605 | Gauntlet | Identified the amulet of Kilaez Qouj {RegenMP Int+4 SInv}
 23725 | Gauntlet | Reached skill level 15 in Spellcasting
 23944 | Lair:5   | Reached XP level 16. HP: 109/113 MP: 0/0
 24087 | Lair:5   | Reached ****** piety under Hepliaklqana
 24245 | Lair:5   | Found a staircase to the Slime Pits.
 24650 | Lair:5   | Reached skill level 16 in Spellcasting
 25048 | Swamp:1  | Entered Level 1 of the Swamp
 25090 | Swamp:1  | HP: 3/113 [spore (17)]
 26339 | Swamp:3  | Noticed a thorn hunter
 26346 | Swamp:3  | Noticed Mara
 26349 | Swamp:3  | Killed a thorn hunter
 26350 | Swamp:3  | Reached skill level 17 in Spellcasting
 26353 | Swamp:3  | Noticed javelincjr's illusion
 26407 | Swamp:3  | Noticed javelincjr's illusion
 26427 | Swamp:3  | Reached XP level 17. HP: 68/117 MP: 0/0
 26427 | Swamp:3  | Learned a level 6 spell: Simulacrum
 26434 | Swamp:3  | Killed Mara
 26564 | Swamp:3  | Noticed Aizul
 26568 | Swamp:3  | Killed Aizul
 26663 | Swamp:3  | Noticed a thorn hunter
 26680 | Swamp:3  | Killed a thorn hunter
 26687 | Swamp:3  | Noticed Nikola
 26755 | Swamp:3  | Killed Nikola
 27180 | Swamp:3  | Found a runed translucent door.
 27292 | Swamp:4  | Entered Level 4 of the Swamp
 27379 | Swamp:4  | Reached skill level 18 in Spellcasting
 27423 | Swamp:4  | Noticed Mlioglotl
 27426 | Swamp:4  | Killed Mlioglotl
 27427 | Swamp:4  | HP: 5/117 [bog body/bolt of cold (40)]
 27505 | Swamp:4  | Noticed the 27-headed Lernaean hydra
 27517 | Swamp:4  | Killed the 27-headed Lernaean hydra
 27528 | Swamp:4  | Reached XP level 18. HP: 79/124 MP: 0/0
 27572 | Swamp:4  | Lost mutation: You sometimes lose your temper in combat.
                  | [potion of mutation]
 27572 | Swamp:4  | Lost mutation: Your muscles are strong. (Str +4, Int/Dex
                  | -1) [potion of mutation]
 27572 | Swamp:4  | Gained mutation: You passively dampen the noise of your
                  | surroundings. [potion of mutation]
 27572 | Swamp:4  | Gained mutation: Your mind is acute. (Int +4, Str/Dex -1)
                  | [potion of mutation]
 27724 | Swamp:4  | Got a decaying rune of Zot
 27976 | Spider:1 | Entered Level 1 of the Spider Nest
 28177 | Spider:1 | Reached skill level 19 in Spellcasting
 28300 | Spider:1 | Identified Roxanne's Compilation of Transmigration
 28300 | Spider:1 | Noticed Roxanne
 28310 | Spider:1 | Killed Roxanne
 28932 | Spider:2 | Identified the +6 flail of the Lurker {flame, rC+ Str+4}
 29818 | Spider:3 | Reached skill level 20 in Spellcasting
 29891 | Spider:3 | Noticed Arachne
 29896 | Spider:3 | Killed Arachne
 30098 | Spider:3 | Reached XP level 19. HP: 126/128 MP: 0/0
 30098 | Spider:3 | Learned a level 6 spell: Statue Form
 30712 | Spider:4 | Entered Level 4 of the Spider Nest
 30999 | Spider:4 | Identified the -2 hat of the Protecting Gods {Fly rElec
                  | rF-}
 31000 | Spider:4 | Identified the +2 pair of gloves "Cuohopse" {-Tele rF+
                  | Str+4 Dex+2}
 31112 | Spider:4 | Got a gossamer rune of Zot
 31204 | Spider:4 | Reached skill level 21 in Spellcasting
 31773 | Orc:1    | Entered Level 1 of the Orcish Mines
 31889 | Orc:2    | Entered Level 2 of the Orcish Mines
 31909 | Orc:2    | Found a staircase to the Elven Halls.
 32079 | Orc:2    | Found Qaonaz's Antique Weapon Emporium.
 32079 | Orc:2    | Found Vaavvojamu's Weapon Boutique.
 32326 | Orc:2    | Found Jujotaca's General Store.
 32350 | Orc:2    | Bought a scroll of teleportation for 48 gold pieces
 32364 | Orc:2    | Found Okeojaq's Antique Armour Boutique.
 32824 | Elf:1    | Entered Level 1 of the Elven Halls
 32885 | Elf:1    | Paralysed by an air elemental for 1 turns
 32889 | Elf:1    | Paralysed by an air elemental for 1 turns
 33122 | Elf:1    | Found a runed translucent door.
 33122 | Elf:1    | Noticed leafyfresh's ghost (journeyman GnDe)
 33139 | Elf:1    | Killed leafyfresh's ghost
 33411 | Elf:1    | Reached XP level 20. HP: 129/135 MP: 0/0
 34087 | Elf:2    | Reached skill level 22 in Spellcasting
 34219 | Elf:2    | Paralysed by an air elemental for 1 turns
 34695 | Elf:2    | Found a runed translucent gate.
 34695 | Elf:2    | Found a runed translucent gate.
 34696 | Elf:2    | Found a runed translucent gate.
 35202 | Elf:3    | Entered Level 3 of the Elven Halls
 35920 | Elf:3    | Noticed a Tzitzimitl
 36167 | Elf:3    | Noticed a Tzitzimitl
 36445 | Elf:3    | Reached skill level 10 in Dodging
 36476 | Elf:3    | Identified the amulet "Ileawat" {Spirit rElec}
 36484 | Elf:3    | Reached XP level 21. HP: 137/140 MP: 0/0
 36484 | Elf:3    | Learned a level 8 spell: Ignition
 36490 | Elf:3    | Identified the +0 chain mail of the Heavens {Str+6 Dex-2}
 36490 | Elf:3    | Identified a ring of Xaaggoc {Will+ MP+9 Str+4}
 36492 | Elf:3    | Noticed a Brimstone Fiend
 36493 | Elf:3    | Reached skill level 23 in Spellcasting
 36495 | Elf:3    | Noticed Asterion
 36500 | Elf:3    | Identified the ring "Foehun" {rN+ Will+}
 36502 | Elf:3    | Killed Asterion
 36785 | D:9      | Found a basalt altar of Yredelemnul.
 36873 | D:9      | Found a sacrificial altar of Ru.
 37350 | D:8      | Noticed Maurice
 37355 | D:8      | Killed Maurice
 37412 | D:8      | Noticed Amaemon
 37424 | D:8      | Killed Amaemon
 37617 | D:8      | Found a sparkling altar of Nemelex Xobeh.
 37745 | D:8      | Found a glowing silver altar of Zin.
 38257 | Elf:3    | Found the +3 giant club "Skullcrusher" {speed, Str+7}
 38769 | Depths:1 | Entered Level 1 of the Depths
 38828 | Depths:1 | Found a one-way gate to the infinite horrors of the Abyss.
 38897 | Depths:1 | Found a hazy altar of Hepliaklqana.
 39165 | Depths:1 | Found a gateway to Hell.
 39630 | Depths:2 | Acquired 1096 gold pieces
 39840 | Depths:2 | Reached skill level 24 in Spellcasting
 39852 | Depths:2 | Identified the +0 ring mail "Lonyuf" {Will+ Str-2 Dex+3}
 39958 | Depths:2 | Found Pusioso's Weapon Emporium.
 39978 | Depths:2 | You are sucked into a shaft and drop 1 floor!
 39985 | Depths:3 | Reached XP level 22. HP: 81/145 MP: 0/0
 40234 | Depths:3 | Killed from afar by a crystal guardian

Illustrated notes

Levels and vault maps discovered:
D:1:      wheals_arrival_linesprint, layout_loops_cross,
          shapermc_ecumenical_altar_mp_ritualfount, minmay_small_reverse_x
D:2:      layout_basic, uniq_terence
D:3:      layout_loops_cross, serial_shops, shop_fountains, minmay_box_of_dots,
          uniq_natasha
D:4:      layout_basic, nicolae_overflow_crystal_walls, lemuel_tele_altar,
          minmay_temple_entry_glassed_door, serial_curves, eino_curves_03,
          eino_curves_01, eino_curves_01, enter_ossuary_2
D:5:      layout_loops_corners, serial_shops, shop
D:6:      layout_rooms, uniq_sigmund
D:7:      layout_basic, kennysheep_slug_shrine, fedhas_altar_decomposition,
          serial_shops, shop, uniq_menkaure, uniq_pikel, uniq_prince_ribbit1
D:8:      layout_basic, nemelex_spade_bored_becter, general_overflow_altar,
          uniq_amaemon, uniq_maurice, uniq_grum
D:9:      layout_rooms, mainiacjoe_overflow_surrounded_room,
          mainiacjoe_overflow_catch_the_wave, the_hattery
D:10:     layout_gridville, mainiacjoe_overflow_chevrons, zombieorc1_lemuel
D:11:     layout_loops_cross, dpeg_oklobed_lair, feat_on_display, uniq_sonja,
          uniq_josephine, uniq_erolcha
D:12:     layout_cave_pods
D:13:     layout_roguey, serial_shops, shop, due_unseen_surprise, uniq_nessos
D:14:     layout_irregular_city, grunt_vaults_entry_tiered,
          minmay_misc_feat_room, minmay_librarian
D:15:     grunt_enter_depths_magical_seal, layout_irregular_city,
          nrook_pool_corridor, uniq_louise
Temple:   hellmonk_temple_two_chambers
Lair:1:   layout_roguey, lemuel_fruit_fields
Lair:2:   layout_regular_city, skrybe_swamp_entry_bodies,
          nicolae_spider_entry_non_spiders, wad_woods_road_01
Lair:3:   layout_regular_city, ebering_ghost_funeral_grove,
          grunt_forest_stairs_basic
Lair:4:   layout_concentric_octagons, basic_altar, dpeg_oklob_1,
          grunt_megastairs_3, infiniplex_staircase_pool_2
Lair:5:   due_jungle_book, layout_concentric_octagons,
          dpeg_slime_entry_enclosed, gauntlet_entry_generic,
          amcnicky_mini_pool_medium, grunt_megastairs_2, serial_bayou_shore_b,
          infiniplex_staircase_pool
Swamp:1:  layout_basic_swamp, evilmike_swamp_ruin_house_2, swamp_pool1,
          ldierk_geyser
Swamp:2:  layout_basic_swamp, evilmike_swamp_ruin_rubble_2, swamp_pool2
Swamp:3:  layout_basic_swamp, serial_swamp_ruin, evilmike_swamp_ruin_house_4,
          evilmike_swamp_ruin_house_6, evilmike_swamp_ruin_house_5,
          nzn_swamp_weyward_sisters, uniq_aizul, uniq_mara, uniq_nikola
Swamp:4:  grunt_swamp_rune_castle, layout_basic_swamp, swamp_pool1,
          uniq_mlioglotl
Spider:1: layout_spider_delve, uniq_roxanne
Spider:2: layout_cave_pods, nicolae_spider_nook
Spider:3: layout_cave_pods, uniq_arachne
Spider:4: guppyfry_spider_rune
Orc:1:    layout_caves, special_room [special_room_kobold],
          gammafunk_ghost_smash
Orc:2:    st_orc_town, layout_caves
Elf:1:    eino_elf_arrival_altar, layout_gridlike, gammafunk_ghost_grave,
          minivault_28, grunt_megastairs_5
Elf:2:    elven_hall_of_blades_hangedman_original [grunt_blade_entry_basic],
          layout_loops_corners, eino_tiny_chamber
Elf:3:    elf_hall, layout_loops_corners, serial_glass, glass_columns_a,
          glass_columns_b, glass_columns_b, glass_columns_a, glass_columns_b,
          uniq_asterion
Depths:1: layout_basic, abyss_entry, hell_entry, moated_statue, serial_glass,
          glass_columns_b, glass_columns_a, kennysheep_doodads,
          nicolae_hepliaklqana_hazy_memory
Depths:2: grunt_double_whammy, layout_cave_shapes, serial_shops,
          kennysheep_mini_moat, rand_demon_pan_entry_5, hell_entry
Depths:3: hangedman_crystal_crosses_colossus [crystal_crosses_arms_two,
          crystal_crosses_arms_two, crystal_crosses_arms_one,
          crystal_crosses_arms_one], abyss_entry, hell_entry, uniq_mennas,
          uniq_josephina

Skill      XL: |  1  2  3  4  5  6  7  8  9 10 11 12 13 14 15 16 17 18 19 20 21 |
---------------+----------------------------------------------------------------+-----
Spellcasting   | 4 5 6 7 8 9 10 12 13 15 17 18 20 21 22 24 | 24.3
Stealth        | 2 3 4 5 6 |  6.4
Fighting       | 1 2 4 6 8 9 11 12 14 15 | 15.5
Dodging        | 4 5 6 7 8 9 10 | 10.2
Shields        | 2 4 5 6 7 |  7.9
Armour         | 3 5 6 7 8 |  8.4
Evocations     | 1 2 |  2.9
Invocations    | 1 |  1.6
Staves         | 1 |  1.9
Short Blades   | |  0.7

Action                   |  1- 3 |  4- 6 |  7- 9 | 10-12 | 13-15 | 16-18 | 19-21 | 22-24 || total
-------------------------+-------+-------+-------+-------+-------+-------+-------+-------++-------
Melee: Dagger            |     2 |    14 |    28 |     4 |       |       |       |       ||    48
       Staff             |       |       |       |     8 |    41 |     9 |    34 |       ||    92
 Cast: Magic Dart        |    57 |   104 |    71 |    60 |   145 |    81 |    39 |       ||   557
       Searing Ray       |     2 |     7 |    18 |     2 |     2 |     2 |       |       ||    33
       Sting             |       |     2 |       |     1 |     1 |     6 |     2 |       ||    12
       Fulminant Prism   |       |     1 |    20 |   103 |   143 |    80 |    33 |       ||   380
       Scorch            |       |       |     4 |       |    16 |    11 |    16 |     1 ||    48
       Iskenderun's Myst |       |       |     9 |    49 |   146 |   132 |    56 |       ||   392
       Ozocubu's Armour  |       |       |       |     2 |     1 |     3 |       |       ||     6
       Static Discharge  |       |       |       |     1 |       |       |       |       ||     1
       Summon Mana Viper |       |       |       |       |     6 |     7 |    16 |     2 ||    31
       Dispel Undead     |       |       |       |       |     2 |       |     2 |       ||     4
       Simulacrum        |       |       |       |       |       |   179 |   372 |    11 ||   562
       Statue Form       |       |       |       |       |       |       |     5 |       ||     5
       Ignition          |       |       |       |       |       |       |    66 |    13 ||    79
Invok: Ancestor Life: Kn |       |       |       |     1 |       |       |       |       ||     1
       Recall Ancestor   |       |       |       |     1 |     1 |     1 |     6 |       ||     9
       Transference      |       |       |       |       |     1 |       |     2 |       ||     3
 Abil: Evoke Invisibilit |       |       |       |       |       |       |     2 |       ||     2
Evoke: Phantom mirror    |       |       |       |     1 |       |       |       |       ||     1
       Piece from Xom's  |       |       |       |     1 |     2 |     1 |       |       ||     4
       Wand              |       |       |       |     1 |       |       |       |       ||     1
  Use: Scroll            |       |     8 |     2 |     7 |    12 |    15 |     7 |     1 ||    52
       Potion            |       |       |     1 |     4 |     2 |     1 |     1 |       ||     9
 Stab: Sleeping          |       |       |     2 |       |       |       |       |       ||     2
       Distracted        |       |       |     1 |       |       |       |     2 |       ||     3
Armor: Robe              |       |     4 |     5 |     1 |       |       |       |       ||    10
       Ring mail         |       |       |     5 |     5 |       |       |       |       ||    10
       Troll leather arm |       |       |       |     1 |    29 |    35 |    42 |     2 ||   109
       Skin              |       |       |       |       |       |       |     9 |       ||     9
Dodge: Dodged            |     3 |    12 |    22 |    26 |    28 |    35 |    53 |     2 ||   181
Block: Buckler           |       |     1 |    16 |    16 |    19 |       |       |       ||    52
       Tower shield      |       |       |       |       |    22 |    80 |   109 |       ||   211
